 Dungeon Crawl Stone Soup version 0.18.1-48-g4cf74bf (webtiles) character file.

986 RickumRackum the Magician (level 7, -7/40 HPs)
             Began as a High Elf Fire Elementalist on Aug 23, 2016.
             Was an Initiate of Sif Muna.
             Mangled by a fire elemental (8 damage)
             ... created by the adversity of Qazlal
             ... on level 4 of the Dungeon.
             The game lasted 01:17:28 (6926 turns).

RickumRackum the Magician (HEFE)                    Turns: 6926, Time: 01:17:29

Health: -7/40      AC:  7    Str: 12    XL:     7   Next: 97%
Magic:  9/16       EV:  2    Int: 22    God:    Sif Muna [......]
Gold:   4          SH:  0    Dex: 15    Spells: 4 memorised, 6 levels left

rFire  x x x     SeeInvis .     s - +0 quarterstaff
rCold  + . .     Gourm    .     a - +0 robe
rNeg   + + +     Faith    .     (shield currently unavailable)
rPois  ∞         Spirit   .     (no helmet)
rElec  .         Dismiss  .     p - +2 cloak
rCorr  .         Reflect  +     (no gloves)
SustAt .         Harm     .     (no boots)
MR     .....                    e - +3 amulet of reflection
Stlth  +++.......               l - +3 ring of evasion
                                q - +5 ring of strength

@: petrified, not resistant to hostile enchantments, fairly stealthy
A: large bone plates 1, cold resistance 1, frail 1, heat vulnerability 3
a: Renounce Religion


You were on level 4 of the Dungeon.
You worshipped Sif Muna.
Sif Muna was noncommittal.
You were not hungry.

You visited 1 branch of the dungeon, and saw 5 of its levels.

You collected 291 gold pieces.
You spent 287 gold pieces at shops.

Inventory:

Hand Weapons
 s - a +0 quarterstaff (weapon)
Missiles
 d - 143 stones (quivered)
Armour
 a - a +0 robe (worn)
 p - a +2 cloak (worn)
Magical Staves
 n - an uncursed staff of cold
Jewellery
 e - a +3 amulet of reflection (around neck)
 l - a +3 ring of evasion (right hand)
 q - a +5 ring of strength (left hand)
Scrolls
 c - 2 scrolls of magic mapping
 f - a scroll of amnesia
 g - a scroll of teleportation
 i - 4 scrolls of identify
 m - 3 scrolls of enchant weapon
 o - 3 scrolls of remove curse
 t - a scroll of recharging
Books
 b - a book of Flames

   Spells                             Type                      Level
   a - Flame Tongue                   Conjuration/Fire             1
   b - Throw Flame                    Conjuration/Fire             2
   c - Conjure Flame                  Conjuration/Fire             3
   d - Inner Flame                    Hexes/Fire                   3
   e - Sticky Flame                   Conjuration/Fire             4
   f - Fireball                       Conjuration/Fire             5
Comestibles
 h - a beef jerky
 j - 2 meat rations
 k - a bread ration
 r - a royal jelly
 u - a chunk of flesh


   Skills:
 + Level 2.8 Fighting
 + Level 2.3 Staves
 + Level 3.3 Dodging
 + Level 3.7 Stealth
 * Level 5.5 Spellcasting
 + Level 3.5 Conjurations
 * Level 5.0 Fire Magic
 + Level 2.6 Invocations


You had 6 spell levels left.
You knew the following spells:

 Your Spells              Type           Power        Failure   Level  Hunger
e - Conjure Flame         Conj/Fire      ###.....     6%          3    ##.....
q - Flame Tongue          Conj/Fire      ###..        1%          1    None
r - Fireball              Conj/Fire      ###.......   50%         5    #####..
w - Throw Flame           Conj/Fire      ###...       2%          2    None


Dungeon Overview and Level Annotations

Branches:
Dungeon (5/15)
 Temple: D:4-7

Altars:
Cheibriados
Elyvilon
Kikubaaqudgha
Makhleb
Qazlal
Sif Muna
Trog

Shops:
D:5 *!


Innate Abilities, Weirdness & Mutations

You are partially covered in large bone plates (AC +2, SH +2).
Your flesh is cold resistant.
You are frail (-10% HP).
[You are extremely vulnerable to heat.]


Message History

You gasp with relief as air once again reaches your lungs.
The basilisk bites you.
* * * LOW HITPOINT WARNING * * *
The goblin misses you. The basilisk gazes at you.
You are slowing down.
The water elemental hits you!
* * * LOW HITPOINT WARNING * * *
The water elemental engulfs you in water!
Your limbs are stiffening.
With effort, you pull free of the water engulfing you.
You gasp with relief as air once again reaches your lungs.
The basilisk barely misses you. The water elemental hits you.
* * * LOW HITPOINT WARNING * * *
You have turned to stone.
The basilisk bites you.
* * * LOW HITPOINT WARNING * * *
The fire elemental hits you. The fire elemental burns you!
The fire burns you terribly!
You die...

### ###.# #...# #########.#.#
#...........# ## #.#######.###
.## ##########.### #.#
..#########....g.......# #.#
.[.#...........l@...>..# #.#
...#####.##....EE......#####.####
≈...####§##..§§§.................
≈...#.....§............#####.####
≈...#..................# #.#
...##..................# #.#
...#.......#######.#'#######.#
..##.......# #.#.........#
.##........# #.#.#########


You could see a water elemental, a basilisk, a fire elemental and a goblin.

Vanquished Creatures
  A rime drake (D:5)
  The ghost of Anatei the Firebug, an amateur DEFE of Vehumet (D:4)
  2 phantoms (D:4)
  An ice beast (D:4)
  An ogre (D:4)
  A scorpion (D:4)
  2 orc wizards (D:4)
  A hound (D:3)
  A giant frog skeleton (D:4)
  2 iguanas
  2 worker ants
  4 gnolls
  5 adders
  An ooze (D:4)
  A worm (D:5)
  5 dart slugs
  3 giant geckos
  6 orcs
  A ball python (D:2)
  10 bats
  10 giant cockroaches
  20 goblins
  9 hobgoblins
  4 jackals (D:2)
  11 kobolds
  2 quokkas
  7 giant newts
  8 rats
122 creatures vanquished.

Notes
Turn   | Place    | Note
--------------------------------------------------------------
     0 | D:1      | RickumRackum the High Elf Fire Elementalist began the quest for the Orb.
     0 | D:1      | Reached XP level 1. HP: 11/11 MP: 4/4
   344 | D:1      | Gained mutation: You are partially covered in large bone plates (AC +2, SH +2). [potion of mutation]
   344 | D:1      | Gained mutation: You are frail (-10% HP). [potion of mutation]
   344 | D:1      | Gained mutation: Your flesh is cold resistant. [potion of mutation]
   417 | D:1      | Reached XP level 2. HP: 10/15 MP: 0/6
   590 | D:1      | Learned a level 1 spell: Flame Tongue
   593 | D:1      | Learned a level 2 spell: Throw Flame
   983 | D:1      | Reached XP level 3. HP: 19/19 MP: 5/8
   993 | D:1      | Learned a level 3 spell: Conjure Flame
  1712 | D:2      | Found a stormy altar of Qazlal.
  1739 | D:2      | Became a worshipper of Qazlal Stormbringer
  1873 | D:2      | Reached skill level 1 in Fighting
  2099 | D:2      | Reached XP level 4. HP: 25/25 MP: 4/9
  2278 | D:2      | Found a white marble altar of Elyvilon.
  3203 | D:2      | Reached XP level 5. HP: 10/29 MP: 0/11
  3388 | D:3      | Reached * piety under Qazlal
  3726 | D:3      | Reached skill level 1 in Staves
  3977 | D:3      | Reached skill level 1 in Invocations
  4122 | D:3      | Found a burning altar of Makhleb.
  4921 | D:4      | Noticed an ogre
  4925 | D:4      | Noticed a phantom
  4931 | D:4      | Killed an ogre
  4931 | D:4      | Reached XP level 6. HP: 34/35 MP: 3/13
  5463 | D:4      | Reached XP level 7. HP: 36/40 MP: 3/15
  5604 | D:4      | Noticed Anatei's ghost (amateur DEFE)
  5754 | D:4      | Found a deep blue altar of Sif Muna.
  5762 | D:4      | Fell from the grace of Qazlal
  5762 | D:4      | Became a worshipper of Sif Muna the Loreminder
  5803 | D:4      | Killed Anatei's ghost
  5803 | D:4      | Reached skill level 5 in Spellcasting
  6090 | D:4      | Learned a level 5 spell: Fireball
  6159 | D:4      | Found a bloodstained altar of Trog.
  6159 | D:4      | Found an ancient bone altar of Kikubaaqudgha.
  6159 | D:4      | Found a snail-covered altar of Cheibriados.
  6346 | D:4      | Noticed a basilisk
  6346 | D:4      | Noticed a wind drake
  6708 | D:5      | Entered Level 5 of the Dungeon
  6726 | D:5      | Found Meud's Elemental Accessories.
  6733 | D:5      | Bought an uncursed staff of cold for 275 gold pieces
  6761 | D:5      | Reached skill level 5 in Fire Magic
  6764 | D:5      | Found Subicoko's Distillery.
  6832 | D:5      | Bought a potion of degeneration for 12 gold pieces
  6880 | D:5      | Noticed a rime drake
  6880 | D:5      | Noticed a water elemental
  6883 | D:5      | Killed a rime drake
  6917 | D:4      | Noticed a basilisk
  6917 | D:4      | Noticed a fire elemental
  6925 | D:4      | HP: 2/40 [water elemental[the adversity of Qazlal] (1)]
  6926 | D:4      | Mangled by a fire elemental

Skill      XL: |  1  2  3  4  5  6  7 |
---------------+----------------------+-----
Spellcasting   | 3 4 5 |  5.5
Conjurations   | 2 3 |  3.5
Fighting       | 1 2 |  2.8
Stealth        | 3 |  3.7
Staves         | 1 2 |  2.3
Invocations    | 1 2 |  2.6
Fire Magic     | 4 5 |  5.0
Dodging        | 3 |  3.3

Action                   |  1- 3 |  4- 6 |  7- 9 || total
-------------------------+-------+-------+-------++-------
Melee: Unarmed           |     1 |       |       ||     1
       Dagger            |       |    39 |       ||    39
       Quarterstaff      |       |    42 |    29 ||    71
 Cast: Flame Tongue      |    34 |     8 |     1 ||    43
       Throw Flame       |    39 |   107 |    61 ||   207
       Conjure Flame     |       |     1 |       ||     1
  Use: Potion            |     2 |     5 |     1 ||     8
       Scroll            |     5 |    12 |     1 ||    18
  Eat: Chunk             |     2 |     5 |     2 ||     9
       Bread ration      |     1 |       |     1 ||     2
       Beef jerky        |       |     1 |       ||     1
       Meat ration       |       |     1 |       ||     1
       Royal jelly       |       |     1 |       ||     1
Armor: Robe              |    12 |    30 |     8 ||    50
Dodge: Dodged            |    30 |    55 |    21 ||   106
Block: Other             |     6 |    28 |     9 ||    43
       Reflection        |     2 |       |     1 ||     3
